 Dungeon Crawl Stone Soup version 0.19.1 (console) character file.

276 Kloppie the Slasher (level 6, -6/66 HPs)
             Began as a High Elf Berserker on Nov 26, 2016.
             Was a Priest of Trog.
             Shot with an arrow by a centaur (9 damage)
             ... on level 5 of the Dungeon.
             The game lasted 00:04:58 (3401 turns).

Kloppie the Slasher (High Elf Berserker)            Turns: 3401, Time: 00:04:58

Health: -6/66      AC:  5    Str: 21    XL:     6   Next: 4%
Magic:  7/7        EV: 12    Int: 16    God:    Trog [***...]
Gold:   181        SH:  0    Dex: 17    Spells: 0 memorised, 5 levels left

rFire  . . .     SeeInvis .     a - +0 falchion
rCold  . . .     Gourm    .     l - +0 ring mail
rNeg   . . .     Faith    +     (no shield)
rPois  .         Spirit   .     (no helmet)
rElec  .         Reflect  .     (no cloak)
rCorr  .         Harm     .     (no gloves)
MR     .....                    (no boots)
Stlth  ..........               h - amulet of faith
                                (no ring)
                                f - +5 ring of intelligence

@: berserking, very quick
A: no striking features
a: Berserk, Trog's Hand, Burn Spellbooks, Renounce Religion


You were on level 5 of the Dungeon.
You worshipped Trog.
Trog was most pleased with you.
You were very hungry.

You visited 1 branch of the dungeon, and saw 5 of its levels.

You collected 203 gold pieces.
You spent 22 gold pieces at shops.

Inventory:

Hand Weapons
 a - a +0 falchion (weapon)
Armour
 l - a +0 ring mail (worn)
Jewellery
 e - an uncursed ring of fire
 f - a +5 ring of intelligence (left hand)
 h - an amulet of faith (around neck)
Scrolls
 d - 2 scrolls of identify
 g - 2 scrolls of teleportation
 j - 3 scrolls of random uselessness {unknown}
 q - a scroll of blinking {unknown}
 r - a scroll of noise {unknown}
Potions
 b - a potion of heal wounds
 k - 2 potions of haste
 p - a potion of flight
Comestibles
 c - 3 bread rations
 m - 3 meat rations
 n - a beef jerky
 o - 2 slices of pizza


   Skills:
 + Level 4.3 Fighting
 * Level 7.2 Long Blades
 - Level 1.7 Armour
 - Level 2.1 Dodging


You had 5 spell levels left.
You didn't know any spells.

Dungeon Overview and Level Annotations

Branches:
Dungeon (5/15)             Temple (0/1) D:4

Altars:
Cheibriados
Hepliaklqana
Trog

Shops:
D:4 *


Message History

The centaur shoots an arrow.
The arrow hits you.
* * * LOW HITPOINT WARNING * * *
You see here 2 arrows.
You are too injured to fight recklessly!
You are too injured to fight recklessly!
A red film seems to cover your vision as you go berserk!
You feel yourself moving faster!
You feel mighty!
You are feeling very hungry.
The centaur shoots an arrow.
The arrow misses you. The adder bites you.
* * * LOW HITPOINT WARNING * * *
You closely miss the adder. You slash the adder!
The adder is almost dead.
The adder bites you.
* * * LOW HITPOINT WARNING * * *
The bullfrog skeleton closely misses you.
You riposte.
You slash the bullfrog skeleton!
The bullfrog skeleton is heavily damaged.
The centaur shoots an arrow.
The arrow hits you!
You die...

# ##. . #.. .### . #.#
#####+#... .. #.#
#.......# #.# #.#
#...c...# # #.#
#.###...Z...#
#.##.###......@S...#.
#>...........(...<....
###........(###......
#.........# #..?...
#####.........#
#..##..
#.........(...# #..##
. #.###........##
#..<#
#........#####.##
#..............#


You could see a centaur, an adder and a bullfrog skeleton.

Vanquished Creatures
  A bullfrog skeleton (D:4)
  An orc priest (D:4)
  A centaur skeleton (D:4)
  A worker ant (D:4)
  6 adders
  An ooze (D:2)
  An adder skeleton (D:4)
  6 dart slugs
  2 leopard geckos
  12 orcs
  4 giant cockroaches
  8 goblins
  7 hobgoblins
  11 kobolds
  2 quokkas (D:2)
  3 ball pythons
  7 bats
  3 frilled lizards
  6 rats
83 creatures vanquished.

Notes
Turn   | Place    | Note
-------+----------+-------------------------------------------
     0 | D:1      | Kloppie the High Elf Berserker began the quest for the Orb.
     0 | D:1      | Reached XP level 1. HP: 16/16 MP: 2/2
    66 | D:1      | HP: 1/24 [goblin/dagger (4)]
    69 | D:1      | Reached skill level 4 in Long Blades
   180 | D:1      | Reached XP level 2. HP: 10/21 MP: 3/3
   617 | D:1      | Reached XP level 3. HP: 21/26 MP: 4/4
   986 | D:2      | Reached skill level 5 in Long Blades
  1192 | D:2      | Reached ** piety under Trog
  1312 | D:2      | Reached XP level 4. HP: 25/31 MP: 5/5
  2037 | D:3      | Reached skill level 6 in Long Blades
  2306 | D:3      | Found a snail-covered altar of Cheibriados.
  2575 | D:4      | Reached XP level 5. HP: 37/37 MP: 6/6
  2582 | D:4      | Found Joaptith's General Store.
  2605 | D:4      | Bought a cursed amulet of inaccuracy for 22 gold pieces
  2631 | D:4      | Found a staircase to the Ecumenical Temple.
  3008 | D:4      | Reached skill level 7 in Long Blades
  3011 | D:4      | Reached *** piety under Trog
  3158 | D:4      | Reached XP level 6. HP: 44/44 MP: 7/7
  3238 | D:4      | Found a bloodstained altar of Trog.
  3239 | D:4      | Found a hazy altar of Hepliaklqana.
  3350 | D:5      | Entered Level 5 of the Dungeon
  3401 | D:5      | HP: 3/66 [adder (2)]
  3401 | D:5      | Shot with an arrow by a centaur

Skill      XL: |  1  2  3  4  5 |
---------------+----------------+-----
Long Blades    | 4 5 6 7 |  7.2
Fighting       | 4 |  4.3
Armour         | |  1.7
Dodging        | |  2.1

Action                   |  1- 3 |  4- 6 || total
-------------------------+-------+-------++-------
Melee: Falchion          |   117 |   166 ||   283
Invok: Berserk           |     3 |     2 ||     5
       Trog's Hand       |       |     1 ||     1
  Use: Scroll            |       |     5 ||     5
 Stab: Sleeping          |     2 |       ||     2
  Eat: Chunk             |     4 |     8 ||    12
Armor: Animal skin       |    11 |       ||    11
       Leather armour    |     6 |       ||     6
       Ring mail         |     4 |    59 ||    63
Dodge: Dodged            |    62 |   102 ||   164
       Rpst.: Falchion   |    20 |    34 ||    54
